PR
FORT KNOX CENTENNIAL @ MEMPHIS MUSIC
08/02/2034
 
TOP OF THE 1ST
Fort Knox Centennial batting - Pitching for Memphis Music : RHP Jon Murillo
Pitching: RHP Jon Murillo
Batting: RHB Adam Smith 0-0: Called Strike
0-1: Foul Ball, location: 2F
0-2: Strikes out swinging
Batting: LHB Arhippa Salmivirta 0-0: Called Strike
0-1: Ball
1-1: Foul Ball, location: 2F
1-2: SINGLE (Groundball, 3D)
Batting: LHB Carel van Putten 0-0: Ball
1-0: Foul Ball, location: 2F
1-1: Ball
2-1: 2-RUN HOME RUN (Flyball, 9LD), Distance : 359 ft
Batting: RHB Asbel Kiprop 0-0: Ball
1-0: Foul Ball, location: 2F
1-1: Foul Ball, location: 2F
1-2: SINGLE (Groundball, 6MD)
Batting: LHB Ricardo Varela 0-0: Ball
Throwing error on steal attempt, E2
Asbel Kiprop to third
1-0: Ball
2-0: Called Strike
2-1: Ball
3-1: Foul Ball, location: 2F
3-2: Foul Ball, location: 2F
3-2: SINGLE (Line Drive, 8LS)
Asbel Kiprop scores
Batting: RHB Nicholas Cusack 0-0: Swinging Strike
0-1: Foul Ball, location: 2F
0-2: Fly out, F9 (Flyball, 9)
Batting: RHB Jack Younker 0-0: Ball
1-0: Ball
2-0: Called Strike
2-1: Fielders Choice at 2nd, 6-4 (Groundball, 6)
Top of the 1st over - 3 runs, 4 hits, 1 error, 1 left on base; Fort Knox 3 - Memphis 0
BOTTOM OF THE 1ST
Memphis Music batting - Pitching for Fort Knox Centennial : RHP Alberto López
Pitching: RHP Alberto López
Batting: LHB Klaas Westerduin 0-0: Ball
1-0: Fly out, F8 (Flyball, 8RD)
Batting: RHB Ryan Coakley 0-0: Ball
1-0: Foul Ball, location: 2F
1-1: DOUBLE (Line Drive, 89D)
Batting: LHB Gabriel Muńóz 0-0: Ball
1-0: Called Strike
1-1: Ground out 4-3 (Groundball, 4S)
Ryan Coakley to third
Batting: RHB Pellervo Rintanen 0-0: Ball
1-0: Called Strike
1-1: Foul Ball, location: 2F
1-2: Ball
Wild Pitch!
Ryan Coakley scores
2-2: Ground out 6-3 (Groundball, 6)
Bottom of the 1st over - 1 run, 1 hit, 0 errors, 0 left on base; Fort Knox 3 - Memphis 1
TOP OF THE 2ND
Fort Knox Centennial batting - Pitching for Memphis Music : RHP Jon Murillo
Batting: RHB Roland Reece 0-0: Ball
1-0: Ball
2-0: Fly out, F3 (Line Drive, 3)
Batting: RHB Sergio Chávez 0-0: Ball
1-0: Called Strike
1-1: Swinging Strike
1-2: Strikes out swinging
Batting: RHB Adam Smith 0-0: Ball
1-0: Ball
2-0: Ground out 6-3 (Groundball, 6)
Top of the 2nd over - 0 runs, 0 hits, 0 errors, 0 left on base; Fort Knox 3 - Memphis 1
BOTTOM OF THE 2ND
Memphis Music batting - Pitching for Fort Knox Centennial : RHP Alberto López
Batting: RHB Gene Wilson 0-0: Called Strike
0-1: Ball
1-1: Foul Ball, location: 2F
1-2: Ball
2-2: Strikes out looking
Batting: RHB Brian Cronk 0-0: Called Strike
0-1: Ball
1-1: Ball
2-1: SINGLE (Groundball, 56S) (infield hit)
Batting: RHB Jeffrey O'Tarcert 0-0: Ground out 5-3 (Groundball, 25)
Brian Cronk to second
Batting: LHB Valke van der Heide 0-0: Ball
1-0: SINGLE (Groundball, 6MD)
Brian Cronk to third
Runner from 3rd tries for Home, SAFE, no throw
Batting: RHB Anirbana Dristi 0-0: Called Strike
0-1: Ball
1-1: Called Strike
Valke van der Heide steals 2nd base
1-2: Foul Ball, location: 2F
1-2: Fly out, F7 (Flyball, 8LS)
Bottom of the 2nd over - 1 run, 2 hits, 0 errors, 1 left on base; Fort Knox 3 - Memphis 2
TOP OF THE 3RD
Fort Knox Centennial batting - Pitching for Memphis Music : RHP Jon Murillo
Batting: LHB Arhippa Salmivirta 0-0: Ball
1-0: Foul Ball, location: 2F
1-1: Swinging Strike
1-2: Strikes out looking
Batting: LHB Carel van Putten 0-0: Called Strike
0-1: Fly out, F8 (Flyball, 8LXD)
Batting: RHB Asbel Kiprop 0-0: Called Strike
0-1: Ball
1-1: Foul Ball, location: 2F
1-2: Foul Ball, location: 2F
1-2: Ball
2-2: Ball
3-2: DOUBLE (Line Drive, 89D)
Batting: LHB Ricardo Varela 0-0: Ball
1-0: SINGLE (Groundball, 34S) (infield hit)
Asbel Kiprop to third
Batting: RHB Nicholas Cusack 0-0: Foul Ball, location: 2F
0-1: Foul Ball, location: 2F
0-2: Ball
1-2: Strikes out swinging
Top of the 3rd over - 0 runs, 2 hits, 0 errors, 2 left on base; Fort Knox 3 - Memphis 2
BOTTOM OF THE 3RD
Memphis Music batting - Pitching for Fort Knox Centennial : RHP Alberto López
Batting: LHB Klaas Westerduin 0-0: Called Strike
0-1: Ball
1-1: Foul Ball, location: 2F
1-2: Foul Ball, location: 2F
1-2: Strikes out looking
Batting: RHB Ryan Coakley 0-0: Called Strike
0-1: Ball
1-1: Swinging Strike
1-2: Foul Ball, location: 2F
1-2: Ball
2-2: Foul Ball, location: 2F
2-2: Ball
3-2: Foul Ball, location: 2F
3-2: Ground out 6-3 (Groundball, 6)
Batting: LHB Gabriel Muńóz 0-0: Ball
1-0: Foul Ball, location: 2F
1-1: Ground out 4-3 (Groundball, 4)
Bottom of the 3rd over - 0 runs, 0 hits, 0 errors, 0 left on base; Fort Knox 3 - Memphis 2
TOP OF THE 4TH
Fort Knox Centennial batting - Pitching for Memphis Music : RHP Jon Murillo
Batting: RHB Jack Younker 0-0: Hit by Pitch
Batting: RHB Roland Reece 0-0: Ball
1-0: Called Strike
1-1: Ball
2-1: Called Strike
2-2: Ball
3-2: Strikes out swinging
Batting: RHB Sergio Chávez 0-0: Called Strike
0-1: Foul Ball, location: 2F
0-2: Foul Ball, location: 2F
0-2: Ball
1-2: Foul Ball, location: 2F
1-2: Fly out, F7 (Line Drive, 7)
Batting: RHB Adam Smith 0-0: Swinging Strike
0-1: SINGLE (Line Drive, 4D)
Jack Younker to second
Batting: LHB Arhippa Salmivirta 0-0: Called Strike
0-1: Ball
1-1: Foul Ball, location: 2F
1-2: SINGLE (Flyball, 7S)
Jack Younker to third
Adam Smith to second
Runner from 3rd tries for Home, SAFE, no throw
Batting: LHB Carel van Putten 0-0: Called Strike
0-1: 3-RUN HOME RUN (Flyball, 7LD), Distance : 374 ft
Batting: RHB Asbel Kiprop 0-0: Foul Ball, location: 2F
0-1: Foul Ball, location: 2F
0-2: Foul Ball, location: 2F
0-2: Strikes out swinging
Top of the 4th over - 4 runs, 3 hits, 0 errors, 0 left on base; Fort Knox 7 - Memphis 2
BOTTOM OF THE 4TH
Memphis Music batting - Pitching for Fort Knox Centennial : RHP Alberto López
Batting: RHB Pellervo Rintanen 0-0: Ball
1-0: Ball
2-0: Fly out, F3 (Popup, 23F)
Batting: RHB Gene Wilson 0-0: Foul Ball, location: 2F
0-1: Called Strike
0-2: Ball
1-2: Fly out, F9 (Flyball, 89D)
Batting: RHB Brian Cronk 0-0: Called Strike
0-1: Fly out, F7 (Flyball, 78D)
Bottom of the 4th over - 0 runs, 0 hits, 0 errors, 0 left on base; Fort Knox 7 - Memphis 2
TOP OF THE 5TH
Fort Knox Centennial batting - Pitching for Memphis Music : RHP Jon Murillo
Batting: LHB Ricardo Varela 0-0: Ball
1-0: Called Strike
1-1: Foul Ball, location: 2F
1-2: Ball
2-2: Ball
3-2: Foul Ball, location: 2F
3-2: Fly out, F8 (Flyball, 89D)
Batting: RHB Nicholas Cusack 0-0: Fly out, F3 (Popup, 34S)
Batting: RHB Jack Younker 0-0: Foul Ball, location: 2F
0-1: Ball
1-1: Foul Ball, location: 2F
1-2: Ball
2-2: Strikes out looking
Top of the 5th over - 0 runs, 0 hits, 0 errors, 0 left on base; Fort Knox 7 - Memphis 2
BOTTOM OF THE 5TH
Memphis Music batting - Pitching for Fort Knox Centennial : RHP Alberto López
Batting: RHB Jeffrey O'Tarcert 0-0: Ball
1-0: Swinging Strike
1-1: Ball
2-1: Ground out 5-3 (Groundball, 56)
Batting: LHB Valke van der Heide 0-0: Foul Ball, location: 2F
0-1: SOLO HOME RUN (Flyball, 9D), Distance : 409 ft
Batting: RHB Anirbana Dristi 0-0: Ball
1-0: Foul Ball, location: 2F
1-1: SINGLE (Groundball, 6MD)
Batting: LHB Klaas Westerduin 0-0: SINGLE (Groundball, 34D)
Anirbana Dristi to second
Runner from 2nd tries for 3rd, SAFE, no throw
Batting: RHB Ryan Coakley 0-0: Ball
1-0: Ball
2-0: Called Strike
2-1: Ball
3-1: Swinging Strike
3-2: Base on Balls
Klaas Westerduin to second
Batting: LHB Gabriel Muńóz 0-0: Ball
1-0: Ball
2-0: Called Strike
2-1: Ball
3-1: Called Strike
3-2: Base on Balls
Anirbana Dristi scores
Klaas Westerduin to third
Ryan Coakley to second
Batting: RHB Pellervo Rintanen 0-0: Called Strike
0-1: Ball
1-1: Called Strike
1-2: Strikes out looking
Batting: RHB Gene Wilson 0-0: Called Strike
0-1: Ball
1-1: Ball
2-1: Fly out, F4 (Popup, 34D)
Bottom of the 5th over - 2 runs, 3 hits, 0 errors, 3 left on base; Fort Knox 7 - Memphis 4
TOP OF THE 6TH
Fort Knox Centennial batting - Pitching for Memphis Music : RHP Jon Murillo
Pitching: RHP Reggie Ouwens
Batting: RHB Roland Reece 0-0: Foul Ball, location: 2F
0-1: Ball
1-1: Ball
2-1: Ball
3-1: Foul Ball, location: 2F
3-2: Foul Ball, location: 2F
3-2: Foul Ball, location: 2F
3-2: Base on Balls
Batting: RHB Sergio Chávez 0-0: Bunt missed!
0-1: Bunted foul
0-2: Ball
1-2: Hit by Pitch
Roland Reece to second
Batting: RHB Adam Smith 0-0: Ball
1-0: Called Strike
1-1: Swinging Strike
1-2: Strikes out looking
Batting: LHB Arhippa Salmivirta 0-0: Ball
1-0: Swinging Strike
1-1: Foul Ball, location: 2F
1-2: Strikes out swinging
Batting: LHB Carel van Putten 0-0: Ball
1-0: Ball
2-0: Called Strike
2-1: Ball
3-1: Base on Balls
Roland Reece to third
Sergio Chávez to second
Batting: RHB Asbel Kiprop 0-0: Swinging Strike
0-1: Ball
1-1: Foul Ball, location: 2F
1-2: Ground out 4-3 (Groundball, 34)
Top of the 6th over - 0 runs, 0 hits, 0 errors, 3 left on base; Fort Knox 7 - Memphis 4
BOTTOM OF THE 6TH
Memphis Music batting - Pitching for Fort Knox Centennial : RHP Alberto López
Batting: RHB Brian Cronk 0-0: Called Strike
0-1: Ball
1-1: Foul Ball, location: 2F
1-2: Ball
2-2: Ball
3-2: Ground out 6-3 (Groundball, 6S)
Pitching: RHP José Alfaro
Batting: RHB Jeffrey O'Tarcert 0-0: Ball
1-0: Called Strike
1-1: Called Strike
1-2: Ball
2-2: Strikes out looking
Batting: LHB Valke van der Heide 0-0: Foul Ball, location: 2F
0-1: Called Strike
0-2: Strikes out swinging
Bottom of the 6th over - 0 runs, 0 hits, 0 errors, 0 left on base; Fort Knox 7 - Memphis 4
TOP OF THE 7TH
Fort Knox Centennial batting - Pitching for Memphis Music : RHP Reggie Ouwens
Batting: LHB Ricardo Varela 0-0: Ball
1-0: Ground out 6-3 (Groundball, 4MS)
Batting: RHB Nicholas Cusack 0-0: Swinging Strike
0-1: Foul Ball, location: 2F
0-2: Ball
1-2: Fly out, F7 (Flyball, 7S)
Batting: RHB Jack Younker 0-0: Called Strike
0-1: Ball
1-1: Ground out 4-3 (Groundball, 34)
Top of the 7th over - 0 runs, 0 hits, 0 errors, 0 left on base; Fort Knox 7 - Memphis 4
BOTTOM OF THE 7TH
Memphis Music batting - Pitching for Fort Knox Centennial : RHP José Alfaro
Batting: RHB Anirbana Dristi 0-0: Fly out, F8 (Flyball, 8RD)
Batting: LHB Klaas Westerduin 0-0: Called Strike
0-1: Called Strike
0-2: Foul Ball, location: 2F
0-2: Strikes out swinging
Batting: RHB Ryan Coakley 0-0: Called Strike
0-1: Foul Ball, location: 2F
0-2: Fly out, F9 (Flyball, 9LD)
Bottom of the 7th over - 0 runs, 0 hits, 0 errors, 0 left on base; Fort Knox 7 - Memphis 4
TOP OF THE 8TH
Fort Knox Centennial batting - Pitching for Memphis Music : RHP Reggie Ouwens
Batting: RHB Roland Reece 0-0: Called Strike
0-1: Ball
1-1: Ball
2-1: Foul Ball, location: 2F
2-2: Hit by Pitch
Batting: RHB Sergio Chávez 0-0: Bunted foul
0-1: Bunt missed!
0-2: Ball
1-2: Ball
2-2: Foul Ball, location: 2F
2-2: Foul Ball, location: 2F
2-2: Foul Ball, location: 2F
2-2: Ball
3-2: SINGLE (Flyball, 78S)
Roland Reece to second
Batting: RHB Adam Smith 0-0: Foul Ball, location: 2F
0-1: Fly out, F9 (Flyball, 9)
Batting: LHB Arhippa Salmivirta 0-0: SINGLE (Groundball, 4MD)
Roland Reece to third
Sergio Chávez to second
Runner from 3rd tries for Home, SAFE, no throw
Batting: LHB Carel van Putten 0-0: Called Strike
0-1: Foul Ball, location: 2F
0-2: Ball
1-2: Foul Ball, location: 2F
1-2: Strikes out looking
Batting: RHB Asbel Kiprop 0-0: Ball
1-0: Foul Ball, location: 2F
1-1: Ball
2-1: Swinging Strike
2-2: Strikes out swinging
Top of the 8th over - 1 run, 2 hits, 0 errors, 2 left on base; Fort Knox 8 - Memphis 4
BOTTOM OF THE 8TH
Memphis Music batting - Pitching for Fort Knox Centennial : RHP José Alfaro
Batting: LHB Gabriel Muńóz 0-0: Ball
1-0: Ball
2-0: Ball
3-0: Called Strike
3-1: Called Strike
3-2: Ground out 1-3 (Groundball, 13S)
Batting: RHB Pellervo Rintanen 0-0: Foul Ball, location: 2F
0-1: Ball
1-1: Foul Ball, location: 2F
1-2: Ball
2-2: SINGLE (Groundball, 34D)
Batting: RHB Gene Wilson 0-0: Fly out, F7 (Flyball, 78S)
Batting: RHB Brian Cronk 0-0: Ball
1-0: Ground out 5-3 (Groundball, 56S)
Bottom of the 8th over - 0 runs, 1 hit, 0 errors, 1 left on base; Fort Knox 8 - Memphis 4
TOP OF THE 9TH
Fort Knox Centennial batting - Pitching for Memphis Music : RHP Reggie Ouwens
Pitching: RHP Lee Gunn
Batting: LHB Ricardo Varela 0-0: Swinging Strike
0-1: Ball
1-1: SINGLE (Groundball, 3D)
Batting: RHB Nicholas Cusack 0-0: Foul Ball, location: 2F
0-1: Ball
1-1: Called Strike
1-2: Strikes out looking
Batting: RHB Jack Younker 0-0: Ball
1-0: Called Strike
1-1: Swinging Strike
1-2: Foul Ball, location: 2F
1-2: Grounds into double play, 5-4-3 (Groundball, 56)
Top of the 9th over - 0 runs, 1 hit, 0 errors, 0 left on base; Fort Knox 8 - Memphis 4
BOTTOM OF THE 9TH
Memphis Music batting - Pitching for Fort Knox Centennial : RHP José Alfaro
Batting: RHB Jeffrey O'Tarcert 0-0: Called Strike
0-1: Swinging Strike
0-2: Ball
1-2: Ball
2-2: Foul Ball, location: 2F
2-2: Ball
3-2: Foul Ball, location: 2F
3-2: Fly out, F9 (Flyball, 9S)
Batting: LHB Valke van der Heide 0-0: Ball
1-0: Ball
2-0: SINGLE (Line Drive, 7LS)
Batting: RHB Anirbana Dristi 0-0: Grounds into double play, 6-4-3 (Groundball, 6)
Bottom of the 9th over - 0 runs, 1 hit, 0 errors, 0 left on base; Fort Knox 8 - Memphis 4
Friday, March 29th, 2019 - OOTP Baseball 18.8 Build 76